 Dungeon Crawl Stone Soup version 0.20.1-1-g8b1a95d (webtiles) character file.

1271 Plasmagod the Insei (level 8, -1/57 HPs)
             Began as a Merfolk Transmuter on Jan 3, 2018.
             Slain by a hornet (8 damage)
             ... while paralysed by a hornet
             ... on level 6 of the Dungeon.
             The game lasted 00:43:04 (6812 turns).

Plasmagod the Insei (Merfolk Transmuter)            Turns: 6812, Time: 00:43:04

Health: -1/57      AC:  3    Str: 12    XL:     8   Next: 53%
Magic:  0/13       EV:  2    Int: 17    God:
Gold:   306        SH:  0    Dex: 19    Spells: 10/14 levels left

rFire    x . .     SeeInvis .   v - +2 flail "Embalmer" {venom, Dex+3}
rCold    + . .     Gourm    .   (no shield)
rNeg     . . .     Faith    .   q - +1 robe of Losammea {Int+4 Dex+2} (curse)
rPois    .         Spirit   +   (no helmet)
rElec    .         Reflect  .   (no cloak)
rCorr    .         Harm     .   (no gloves)
MR       +....                  (no boots)
Stlth    +++.......             e - amulet of guardian spirit
Regen    0.2/turn               s - ring of protection from magic
MPRegen  0.2/turn               t - ring of ice

@: paralysed, appendage, slowed
A: change form in water, swift swim, stealthy swim, horns 2
a: End Transformation


You were on level 6 of the Dungeon.
You were hungry.
You had grown temporary horns.
You visited 1 branch of the dungeon, and saw 6 of its levels.

You collected 306 gold pieces.

Inventory:

Hand Weapons
 v - the +2 flail "Embalmer" (weapon) {venom, Dex+3}
   (You found it on level 4 of the Dungeon)

   It poisons the flesh of those it strikes.
   It affects your dexterity (+3).
Missiles
 a - 56 arrows (quivered)
Armour
 b - a +0 robe
 p - a +2 leather armour of fire resistance
 q - the cursed +1 robe of Losammea (worn) {Int+4 Dex+2}
   (You found it on level 5 of the Dungeon)

   It affects your intelligence (+4).
   It affects your dexterity (+2).
   It has a curse placed upon it.
Magical Staves
 E - an uncursed staff of wizardry
Jewellery
 e - an amulet of guardian spirit (around neck)
 s - a ring of protection from magic (left hand)
 t - a ring of ice (right hand)
Wands
 n - a wand of confusion (48/48)
 F - a wand of polymorph (16/24)
Scrolls
 f - a scroll of fog {unknown}
 g - 5 scrolls of identify
 l - a scroll of magic mapping {unknown}
 o - a scroll of remove curse
 r - a scroll of acquirement {unknown}
 u - a scroll of enchant weapon
 y - a scroll of immolation
 A - a scroll of recharging
Potions
 i - 3 potions of curing
 j - a potion of agility
 m - a potion of haste {unknown}
 x - 2 potions of mutation {unknown}
 z - a potion of berserk rage {unknown}
 B - a potion of brilliance {unknown}
 C - a potion of invisibility {unknown}
 D - a potion of magic {unknown}
Books
 c - a book of Changes

   Spells                             Type                      Level
   a - Beastly Appendage              Transmutation                1
   b - Sticks to Snakes               Transmutation                2
   c - Spider Form                    Transmutation/Poison         3
   d - Ice Form                       Ice/Transmutation            4
   e - Blade Hands                    Transmutation                5
Comestibles
 d - 4 bread rations
 h - 5 fruits
 k - 4 royal jellies
 w - 3 meat rations


   Skills:
 + Level 2.9 Fighting
 + Level 2.6 Maces & Flails
 + Level 2.1 Armour
 + Level 5.0 Dodging
 + Level 3.1 Stealth
 + Level 6.4 Unarmed Combat
 + Level 3.5 Spellcasting
 + Level 5.5 Transmutations
 + Level 0.7 Poison Magic


You had 10 spell levels left.
You knew the following spells:

 Your Spells              Type           Power        Failure   Level  Hunger
a - Beastly Appendage     Tmut           ###...       1%          1    None
b - Spider Form           Tmut/Pois      ##........   14%         3    ###....


Dungeon Overview and Level Annotations

Branches:
Dungeon (6/15)
 Temple: D:4-7

Altars:
Elyvilon
Ru
Zin
The Shining One


Innate Abilities, Weirdness & Mutations

You revert to your normal form in water.
You are very nimble and swift while swimming.
You are very stealthy in the water. (Stealth+)
You have a pair of horns on your head.


Message History

You feel as though you will be slow longer.
You can move again.
Press: ? - help, v - describe, . - travel The floor.
You barely miss the hornet.
You headbutt the hornet, but do no damage.
The hornet is lightly wounded.
You are feeling hungry.
You feel sick. The hornet stings you!
* * * LOW HITPOINT WARNING * * *
You are lethally poisoned!
You shrug off the repeated paralysis!
The hornet closely misses you. The hornet stings you!
* * * LOW HITPOINT WARNING * * *
You feel as though you will be slow longer.
Okay, then.
You feel better. The hornet stings you.
* * * LOW HITPOINT WARNING * * *
You suddenly lose the ability to move!
The hornet stings you!
You die...

.#####.#####.#.#.....####.#.##...
...........................).....
.##.########.#.....#.........##.#
.##.# #......#####.###...##.....#
....# #......'.....###....#...###
##### #......####.........#....##
#......#...<...#.##.#.##.##
#......#.#...#.#.# .#.# ..#
#......#.#@..#...# ##.# #.#
#......#.#y..#.### ..# ..
#######......#.#.##### ### #.
.................#
..............##..
..............#..#
######'#####..#.##
...........#.... ...........# ..#


You could see a hornet.

Vanquished Creatures
  An ice beast (D:6)
  2 phantoms
  An ogre (D:5)
  A centaur (D:5)
  A bullfrog (D:6)
  2 scorpions
  A water moccasin skeleton (D:4)
  An electric eel (D:6)
  2 howler monkeys (D:4)
  A hound (D:4)
  3 orc priests (D:4)
  2 orc wizards (D:4)
  3 worker ants
  An iguana (D:6)
  3 gnolls (D:3)
  3 adders
  9 river rats (D:5)
  A shadow imp (D:5)
  A worm (D:2)
  2 dart slugs (D:2)
  A leopard gecko (D:3)
  7 orcs
  6 giant cockroaches
  7 goblins
  9 hobgoblins
  10 kobolds
  8 quokkas
  2 ball pythons
  5 bats
  6 frilled lizards
  A giant cockroach zombie (D:6)
  23 rats
126 creatures vanquished.

Notes
Turn   | Place    | Note
-------+----------+-------------------------------------------
     0 | D:1      | Plasmagod the Merfolk Transmuter began the quest for the Orb.
     0 | D:1      | Reached XP level 1. HP: 15/15 MP: 3/3
   449 | D:1      | Reached XP level 2. HP: 15/21 MP: 3/5
  1665 | D:2      | Reached XP level 3. HP: 14/26 MP: 4/6
  1900 | D:2      | Reached skill level 1 in Stealth
  2224 | D:2      | Found a glowing silver altar of Zin.
  2487 | D:3      | Reached XP level 4. HP: 32/32 MP: 7/7
  2512 | D:3      | Reached skill level 4 in Unarmed Combat
  3385 | D:3      | Reached XP level 5. HP: 24/37 MP: 4/8
  3499 | D:4      | Found a sacrificial altar of Ru.
  3499 | D:4      | Found a glowing golden altar of the Shining One.
  3500 | D:4      | Found a white marble altar of Elyvilon.
  3610 | D:4      | Noticed a phantom
  3631 | D:4      | Killed a phantom
  3631 | D:4      | Reached skill level 1 in Armour
  3631 | D:4      | Reached XP level 6. HP: 43/43 MP: 8/10
  3729 | D:4      | Reached skill level 5 in Unarmed Combat
  4015 | D:4      | Reached XP level 7. HP: 32/49 MP: 6/11
  4201 | D:4      | Got a fine flail
  4202 | D:4      | Identified the cursed +2 flail "Embalmer" {venom, Dex+3} (You found it on level 4 of the Dungeon)
  4582 | D:5      | Entered Level 5 of the Dungeon
  4962 | D:5      | Got a sheer robe
  4973 | D:5      | Identified the cursed +1 robe of Losammea {Int+4 Dex+2} (You found it on level 5 of the Dungeon)
  5115 | D:5      | Reached skill level 5 in Transmutations
  5278 | D:5      | HP: 1/50 [ogre/giant club (22)]
  5588 | D:5      | Learned a level 3 spell: Spider Form
  5640 | D:5      | Reached skill level 1 in Maces & Flails
  5848 | D:5      | Reached XP level 8. HP: 48/57 MP: 10/12
  6024 | D:6      | Reached skill level 6 in Unarmed Combat
  6713 | D:6      | Reached skill level 5 in Dodging
  6805 | D:6      | Noticed a hornet
  6810 | D:6      | Paralysed by a hornet for 1 turns
  6812 | D:6      | Paralysed by a hornet for 3 turns
  6812 | D:6      | Slain by a hornet

Skill      XL: |  1  2  3  4  5  6  7  8 |
---------------+-------------------------+-----
Dodging        | 3 4 5 |  5.0
Transmutations | 3 4 5 |  5.5
Stealth        | 1 2 3 |  3.1
Unarmed Combat | 4 5 6 |  6.4
Armour         | 1 2 |  2.1
Fighting       | 2 |  2.9
Spellcasting   | 3 |  3.5
Maces & Flails | 1 2 |  2.6
Poison Magic   | |  0.7

Action                   |  1- 3 |  4- 6 |  7- 9 || total
-------------------------+-------+-------+-------++-------
Melee: Unarmed           |   153 |   110 |    48 ||   311
       Headbutt          |    12 |    23 |    19 ||    54
       Punch             |     1 |     1 |     4 ||     6
       Flail             |       |       |   112 ||   112
       Tailslap          |       |       |     1 ||     1
 Cast: Beastly Appendage |    24 |    18 |    22 ||    64
       Spider Form       |       |       |     3 ||     3
  Use: Scroll            |     5 |     1 |     5 ||    11
       Potion            |       |     3 |     4 ||     7
 Stab: Sleeping          |     2 |     2 |     4 ||     8
       Distracted        |       |     1 |       ||     1
  Eat: Chunk             |     5 |     5 |     6 ||    16
       Fruit             |     1 |       |     1 ||     2
       Royal jelly       |       |       |     1 ||     1
Armor: Robe              |    10 |       |     7 ||    17
       Leather armour    |    19 |    37 |     6 ||    62
       Skin              |       |     4 |       ||     4
Dodge: Dodged            |    88 |    56 |   113 ||   257
